 Dungeon Crawl Stone Soup version 0.31-a0-1072-g202bf7ea07 (webtiles) character file.

Game seed: 9833274539492474252

22330 Conn the Destroyer (level 12, -3/66 HPs)
             Began as an Octopode Fire Elementalist on Nov 26, 2023.
             Was a High Priest of Sif Muna.
             Killed from afar by a catoblepas (9 damage)
             ... with a blast of calcifying dust
             ... on level 3 of the Lair of Beasts.
             The game lasted 00:49:18 (16158 turns).

Conn the Destroyer (Octopode Fire Elementalist)    Turns: 16158, Time: 00:49:19

Health: -3/66      AC:  9    Str:  8    XL:     12   Next: 99%
Magic:  20/33      EV: 15    Int: 27    God:    Sif Muna [*****.]
Gold:   729        SH:  9    Dex: 13    Spells: 5/27 levels left

rFire   + . .        z - staff of fire
rCold   + . .        K - +0 buckler
rNeg    + . .        (helmet restricted)
rPois   .            s - amulet of reflection
rElec   .            c - ring of see invisible
rCorr   .            e - ring of magical power
SInv    +            j - +6 ring of intelligence
Will    +....        h - ring of protection from cold
Stlth   ++++         N - +4 ring of protection
HPRegen 0.31/turn    E - ring of willpower
MPRegen 0.23/turn    H - ring of positive energy
                     n - +4 ring of protection

%: reflection
@: about to teleport
A: almost no armour, amphibious, 8 rings, camouflage 1, gelatinous body 1,
(nimble swimmer 1), tentacles
a: Renounce Religion, Channel Magic, Forget Spell, Divine Exegesis


You were on level 3 of the Lair of Beasts.
You worshipped Sif Muna.
Sif Muna was extremely pleased with you.
You visited 3 branches of the dungeon, and saw 15 of its levels.

You collected 2401 gold pieces.
You spent 1672 gold pieces at shops.

Inventory:

Hand Weapons
 i - a +0 short sword
 v - the +1 falchion "Uteub" {venom, rC++ Dex-5}
   (You bought it in a shop on level 1 of the Dungeon)

   Dex-5:     It affects your dexterity (-5).
   rC++:      It greatly protects you from cold.
 P - the +3 mace of the Common Good {flame, Will++ Str-4 SInv Stlth+}
   (You found it on level 3 of the Lair of Beasts)

   Str-4:     It affects your strength (-4).
   Will++:    It greatly increases your willpower.
   SInv:      It lets you see invisible.
   Stlth+:    It makes you more stealthy.
Armour
 K - a +0 buckler (worn)
Magical Staves
 l - a staff of earth
 z - a staff of fire (weapon)
Jewellery
 c - a ring of see invisible (left tentacle)
 e - a ring of magical power (right tentacle)
 h - a ring of protection from cold (on tentacle)
 j - a +6 ring of intelligence (on tentacle)
 n - a +4 ring of protection (on tentacle)
 s - an amulet of reflection (around mantle)
 x - an amulet of faith
 y - a ring of willpower
 E - a ring of willpower (on tentacle)
 H - a ring of positive energy (on tentacle)
 N - a +4 ring of protection (on tentacle)
Wands
 d - a wand of roots (3)
 p - a wand of flame (36)
 A - a wand of acid (5)
 B - a wand of polymorph (15)
 F - a wand of charming (10)
Scrolls
 f - 4 scrolls of teleportation
 g - 2 scrolls of amnesia
 r - a scroll of revelation
 t - 2 scrolls of immolation
 u - 2 scrolls of fog
 C - a scroll of poison
 D - a scroll of noise
 G - a scroll of silence
 I - 2 scrolls of enchant weapon
 L - a scroll of enchant armour {unknown}
 O - a scroll of vulnerability {unknown}
Potions
 a - a potion of magic
 b - a potion of attraction
 k - 3 potions of enlightenment
 m - a potion of ambrosia
 o - 2 potions of mutation
 q - 7 potions of curing
 w - a potion of haste
 J - a potion of invisibility
 M - a potion of lignification


   Skills:
 + Level 7.8 Dodging
 - Level 7.0 Stealth
 * Level 1.0 Shields
 + Level 8.4 Spellcasting
 + Level 10.4 Conjurations
 - Level 5.0 Hexes
 + Level 5.3 Summonings
 + Level 7.8 Fire Magic
 - Level 5.1 Air Magic
 - Level 3.0 Earth Magic
 + Level 7.8 Invocations


You had 5 spell levels left.
You knew the following spells:

 Your Spells              Type           Power      Damage    Failure   Level
a - Foxfire               Conj/Fire      100%       2x1d9     1%          1
b - Scorch                Fire           100%       2d9       1%          2
c - Inner Flame           Hex/Fire       62%        N/A       1%          3
d - Flame Wave            Conj/Fire      74%        2d16      1%          4
e - Iskenderun's Mystic   Conj/Tloc      39%        2d9       10%         4
f - Summon Lightning Spi  Summ/Air       39%        N/A       10%         4
g - Airstrike             Air            19%        2d(3-19)  10%         4

Your spell library contained the following spells:

 Spells                   Type           Power      Damage    Failure   Level
 Jinxbite                 Hex            76%        N/A       1%          2
 Static Discharge         Conj/Air       100%       3-8/arc   1%          2
 Fulminant Prism          Conj/Hex       26%        3d14      3%          4
 Ensorcelled Hibernation  Hex/Ice        48%        N/A       4%          2
 Volatile Blastmotes      Fire/Tloc      98%        2d18      4%          3
 Cigotuvi's Dreadful Rot  Necr/Pois/Air  40%        N/A       6%          2
 Ignite Poison            Fire/Tmut/Pois 38%        N/A       9%          3
 Freezing Cloud           Conj/Ice/Air   19%        6-21      26%         5
 Anguish                  Hex/Necr       12%        N/A       28%         4


Dungeon Overview and Level Annotations

Branches:
Dungeon (11/15)            Temple (1/1) D:5            Lair (3/5) D:9
 Shoals (0/4) Lair:2        Snake (0/4) Lair:2          Orc (0/2) D:11

Altars:
Ashenzari
Cheibriados
Dithmenos
Elyvilon
Fedhas
Gozag
Hepliaklqana
Kikubaaqudgha
Makhleb
Nemelex Xobeh
Okawaru
Qazlal
Ru
Sif Muna
Trog
Uskayaw
Vehumet
Wu Jian
Xom
Yredelemnul
Zin
The Shining One

Shops:
D:1 (!*[=   D:2 *=(   D:3 =   D:4 [   D:7 =   D:9 ?

Annotations:
D:9 3 runed translucent doors, Colgate's ghost, novice DgWn
Lair:3 Rupert


Innate Abilities, Weirdness & Mutations

You cannot wear most types of armour.
You are amphibious.
You can wear up to eight rings at the same time.
Your skin changes colour to match your surroundings (Stealth+).
Your rubbery body absorbs attacks. (AC +1, EV +1)
((You are camouflaged when in or above water. (Stealth+)))
You have tentacles for arms and can constrict up to eight enemies at once.


Message History

Confirm with . or Enter, or press ? or * to list all spells.
Okay, then.
Okay, then.
Unknown command.
Unknown command.
Okay, then.
Unknown command.
Unknown command.
Unknown command.
Unknown command.
Unknown command.
Unknown command.
Aiming: Charm
Press: ? - help, Shift-Dir - straight line, f - Rupert, p - catoblepas
Aim: Rupert, wielding a +1 great mace of protection and wearing a +3 ring mail of fire resistance (lightly wounded, more vulnerable to fire, chance to affect: 1%)
Okay, then.
Unknown command.
Unknown command.
Unknown command.
Unknown command.
Unknown command.
Unknown command.
Unknown command.
As you read the scroll of teleportation, it crumbles to dust.
You feel strangely unstable.
The catoblepas gores you but does no damage.
Rupert roars madly and goes into a rage!
Rupert goes berserk!
The catoblepas attacks as it pursues you!
The catoblepas gores you!!
* * * LOW HITPOINT WARNING * * *
Okay, then.
Unknown command.
Unknown command.
Okay, then.
Unknown command.
Rupert is no longer more vulnerable to fire.
The catoblepas breathes a plume of calcifying dust at you.
The blast of calcifying dust hits you!
You die...

#..........###
#P.........#.#
##.#.........#
##.#........#
##..###P...##
###...........##
.#.............#
...............###
...........#.#..@##
........#..###...§####
.....####### ###P.Y#v#
. ....## ###@.#### .@.
#..## ##..#P#.....
#..# ##.....Y... ...#
##.8#..§## #..#
###..#.# #.## #...#


You could see Rupert (berserk), a catoblepas (inner flame, ally target) and a
friendly lightning spire (summoned).

Vanquished Creatures
  A hydra (Lair:2)
  A boulder beetle (Lair:1)
  Nergalle (D:10)
  A deep elf pyromancer (D:9)
  Maurice (D:9)
  3 elephants (Lair:1)
  A black mamba (Lair:1)
  7 cane toads
  4 komodo dragons
  An unseen horror (D:10)
  A polar bear (Lair:2)
  A snapping turtle (Lair:2)
  10 blink frogs
  A water elemental (Lair:2)
  Sigmund (D:4)
  31 yaks
  3 wyverns
  3 steam dragons (D:9)
  Grum (D:10)
  3 basilisks
  6 nagas (Lair:2)
  An acid dragon (D:9)
  8 water moccasins
  4 orc warriors
  2 ice beasts
  A sky beast (D:6)
  5 ogres
  16 wolves
  2 phantoms (D:6)
  3 kobold brigands
  10 bullfrogs
  2 gnoll sergeants
  3 scorpions
  3 wights (D:8)
  14 killer bees
  A howler monkey (D:10)
  3 jellies
  3 orc priests
  4 hounds
  A gnoll bouda (D:7)
  A sleepcap (D:6)
  2 iguanas (D:5)
  4 orc wizards
  3 hell rats (Lair:1)
  7 adders
  22 gnolls
  2 shadow imps
  3 white imps
  2 worms
  46 orcs
  4 ball pythons
  3 endoplasms
  A giant cockroach (D:1)
  5 goblins
  5 hobgoblins
  8 jackals (D:2)
  6 quokkas
  3 bats
  4 frilled lizards
  20 kobolds
  8 rats
327 creatures vanquished.

Vanquished Creatures (collateral kills)
  A hell rat (Lair:1)
  13 foxfires
14 creatures vanquished.

Vanquished Creatures (others)
  948 foxfires
948 creatures vanquished.

Grand Total: 1289 creatures vanquished

Notes
Turn   | Place    | Note
-------+----------+-------------------------------------------
     0 | D:1      | Conn the Octopode Fire Elementalist began the quest for the
                  | Orb.
     0 | D:1      | Reached XP level 1. HP: 11/11 MP: 3/3
    65 | D:1      | Found Wyhoan Aloa's Armour Emporium.
    66 | D:1      | Found Jimucoz's Jewellery Shop.
    78 | D:1      | Found Vezoyj's Distillery.
    97 | D:1      | Found Cuumaroca's General Store.
   372 | D:1      | Reached XP level 2. HP: 17/17 MP: 0/5
   459 | D:1      | Learned a level 2 spell: Scorch
   665 | D:1      | Found Sag Rotz's Antique Weapon Emporium.
  1025 | D:2      | Reached XP level 3. HP: 9/21 MP: 6/6
  1142 | D:1      | Learned a level 3 spell: Inner Flame
  1321 | D:2      | Noticed a +0 demon whip
  1322 | D:2      | Found Emmerubb's Weapon Shoppe.
  1323 | D:2      | Noticed a +0 great mace
  1421 | D:2      | Found Kuehoav's Jewellery Emporium.
  1636 | D:2      | Reached XP level 4. HP: 24/27 MP: 7/7
  1703 | D:2      | Found Moasong's Assorted Antiques.
  2246 | D:3      | Found Zetamui's Jewellery Shoppe.
  2384 | D:3      | Reached skill level 2 in Conjurations
  2629 | D:4      | Found Gikk's Armour Boutique.
  2644 | D:4      | Noticed Sigmund
  2653 | D:4      | Killed Sigmund
  2654 | D:4      | Reached skill level 1 in Hexes
  2654 | D:4      | Reached skill level 1 in Earth Magic
  2654 | D:4      | Reached XP level 5. HP: 11/31 MP: 1/9
  2654 | D:4      | Reached XP level 6. HP: 13/36 MP: 1/10
  2655 | D:4      | Found a faded altar of an unknown god.
  2765 | D:4      | Found a hazy altar of Hepliaklqana.
  2911 | D:4      | Reached skill level 3 in Conjurations
  3082 | D:4      | Reached XP level 7. HP: 26/41 MP: 12/12
  3394 | D:4      | Learned a level 4 spell: Flame Wave
  3622 | D:1      | Bought a smouldering falchion for 192 gold pieces
  3622 | D:1      | Identified the +1 falchion "Uteub" {venom, rC++ Dex-5} (You
                  | bought it in a shop on level 1 of the Dungeon)
  3692 | D:5      | Entered Level 5 of the Dungeon
  4151 | D:5      | Reached skill level 5 in Stealth
  4329 | D:5      | Found a staircase to the Ecumenical Temple.
  4336 | Temple   | Entered the Ecumenical Temple
  4371 | Temple   | Became a worshipper of Sif Muna the Loreminder
  5002 | D:6      | Reached skill level 4 in Conjurations
  5002 | D:6      | Reached XP level 8. HP: 46/46 MP: 14/14
  5645 | D:6      | Found a glowing silver altar of Zin.
  5826 | D:6      | Reached skill level 5 in Conjurations
  5858 | D:6      | Reached skill level 5 in Spellcasting
  5959 | D:6      | Reached XP level 9. HP: 51/51 MP: 16/16
  6327 | D:6      | Reached * piety under Sif Muna
  6895 | D:7      | Reached skill level 5 in Fire Magic
  6895 | D:7      | Reached skill level 1 in Invocations
  7668 | D:7      | Found Roilut's Jewellery Boutique.
  7751 | D:8      | Noticed a komodo dragon
  7764 | D:8      | Killed a komodo dragon
  7765 | D:8      | Reached skill level 6 in Conjurations
  7775 | D:8      | Reached skill level 5 in Dodging
  8052 | D:8      | Reached XP level 10. HP: 38/56 MP: 10/19
  8357 | D:8      | Reached ** piety under Sif Muna
  9220 | D:8      | Learned a level 4 spell: Iskenderun's Mystic Blast
  9225 | D:8      | Learned a level 4 spell: Summon Lightning Spire
  9303 | D:9      | Reached skill level 7 in Conjurations
  9386 | D:9      | Found a runed translucent gate.
  9386 | D:9      | Found a runed translucent gate.
  9386 | D:9      | Found a runed translucent gate.
  9389 | D:9      | Noticed Colgate's ghost (novice DgWn)
  9416 | D:9      | Noticed Maurice
  9428 | D:9      | Killed Maurice
  9480 | D:9      | Found Jitwirr's Magic Scroll Emporium.
  9511 | D:9      | Found a staircase to the Lair.
  9548 | D:9      | Reached skill level 1 in Summonings
  9548 | D:9      | Reached skill level 1 in Air Magic
  9549 | D:9      | Reached skill level 5 in Invocations
  9700 | D:9      | Noticed a deep elf pyromancer
  9702 | D:9      | Killed a deep elf pyromancer
  9703 | D:9      | Reached skill level 5 in Hexes
  9900 | D:9      | Reached XP level 11. HP: 61/61 MP: 21/21
 10095 | D:9      | Found a sparkling altar of Nemelex Xobeh.
 10404 | Lair:1   | Entered Level 1 of the Lair of Beasts
 10426 | Lair:1   | Reached skill level 8 in Conjurations
 10835 | Lair:2   | Reached *** piety under Sif Muna
 11376 | Lair:2   | Noticed a four-headed hydra
 11385 | Lair:2   | Killed a four-headed hydra
 11386 | Lair:2   | Reached skill level 9 in Conjurations
 11458 | Lair:2   | Reached XP level 12. HP: 63/66 MP: 19/23
 11600 | Lair:2   | Found a staircase to the Snake Pit.
 12042 | Lair:2   | Found a staircase to the Shoals.
 12206 | Lair:2   | Learned a level 4 spell: Airstrike
 12327 | Lair:1   | HP: 3/66 [blink frog (18)]
 12502 | Lair:1   | Reached **** piety under Sif Muna
 13171 | Lair:1   | Noticed a boulder beetle
 13189 | Lair:1   | Killed a boulder beetle
 13988 | D:10     | Entered Level 10 of the Dungeon
 14075 | D:10     | Reached skill level 10 in Conjurations
 14094 | D:10     | Noticed Grum
 14099 | D:10     | Killed Grum
 14319 | D:10     | Reached skill level 5 in Summonings
 14628 | D:10     | Reached skill level 5 in Air Magic
 14652 | D:10     | Reached ***** piety under Sif Muna
 14840 | D:10     | Found a radiant altar of Vehumet.
 14842 | D:10     | Noticed Nergalle
 15327 | D:11     | Noticed a two-headed ogre
 15327 | D:11     | Found a staircase to the Orcish Mines.
 15392 | D:10     | Killed Nergalle
 15436 | D:9      | Bought a scroll of acquirement for 520 gold pieces
 15437 | D:9      | Acquired 1017 gold pieces
 15439 | D:9      | Acquired 588 gold pieces
 15621 | D:1      | Bought a +4 ring of protection for 396 gold pieces
 15625 | D:1      | Bought a +0 buckler for 54 gold pieces
 15646 | D:1      | Bought a potion of lignification for 42 gold pieces
 15824 | D:7      | Bought a +4 ring of protection for 468 gold pieces
 16054 | Lair:3   | Identified the +3 mace of the Common Good {flame, Will++
                  | Str-4 SInv Stlth+}
 16058 | Lair:3   | Reached skill level 1 in Shields
 16144 | Lair:3   | Noticed a catoblepas
 16146 | Lair:3   | Noticed Rupert
 16158 | Lair:3   | Killed from afar by a catoblepas

Illustrated notes

Levels and vault maps discovered:
D:1:      beargit_arrival_greenhouse, layout_loops_cross, serial_shops, shop,
          shop, shop, shop, nicolae_shop_behind_doors, minmay_tiny_reverse_x
D:2:      layout_basic, serial_shops, shop_statue, nicolae_shop_mannequins,
          nicolae_shop_rolling_square, minmay_misc_feat_roman
D:3:      layout_loops_ring, serial_shops, nicolae_shop_real_fake_doors
D:4:      layout_cave_pools, beargit_hepliaklqana_dungeon_heroes, serial_shops,
          shop
D:5:      lemuel_ice_spiral_2, layout_basic, minmay_temple_entry_enclosed_plants
D:6:      layout_loops_corners, mainiacjoe_overflow_alcove_2,
          serial_bayou_pond_e
D:7:      layout_loops_corners, serial_shops, shop
D:8:      layout_layer_cave
D:9:      layout_small_grid, nemelex_spade_bored_becter, lair_entry_dummy,
          gammafunk_ghost_spectres, serial_shops, shop, billiards_dpeg,
          uniq_maurice
D:10:     layout_loops_ring, mainiacjoe_overflow_concentric_impassable,
          special_room [special_room_orc], uniq_nergalle, uniq_grum
D:11:     layout_cross, lemuel_nasty_fountain
Temple:   dpeg_five_rooms_temple
Lair:1:   layout_gridlike
Lair:2:   layout_regular_city, minmay_shoals_entry_hut,
          minmay_snake_entry_guardpost_large, grunt_megastairs_5
Lair:3:   layout_cave_pods, serial_bayou_shore_b, uniq_amaemon, uniq_rupert

Skill      XL: |  1  2  3  4  5  6  7  8  9 10 11 12 |
---------------+-------------------------------------+-----
Stealth        | 3 4 5 6 7 |  7.0
Conjurations   | 2 3 4 5 6 7 9 10 | 10.4
Spellcasting   | 3 4 5 6 7 8 |  8.4
Hexes          | 1 2 3 4 5 |  5.0
Earth Magic    | 1 2 3 |  3.0
Dodging        | 3 4 5 6 7 |  7.8
Fire Magic     | 4 5 6 7 |  7.8
Invocations    | 3 5 6 7 |  7.8
Summonings     | 1 3 5 |  5.3
Air Magic      | 2 3 5 |  5.1
Shields        | 1 |  1.0

Action                     |  1- 3 |  4- 6 |  7- 9 | 10-12 || total
---------------------------+-------+-------+-------+-------++-------
  Melee: Unarmed           |     5 |       |       |       ||     5
         Tentacles         |     3 |       |     8 |     3 ||    14
         Short sword       |     7 |       |       |       ||     7
         Constrict         |     8 |     6 |     7 |     5 ||    26
         Staff             |    12 |    12 |    18 |    18 ||    60
         Punch             |       |     1 |       |       ||     1
         Falchion          |       |       |     2 |       ||     2
   Cast: Foxfire           |    56 |    53 |   125 |   318 ||   552
         Scorch            |     8 |     8 |    50 |   129 ||   195
         Inner Flame       |       |     3 |    18 |    45 ||    66
         Flame Wave        |       |       |     6 |    22 ||    28
         Summon Lightning  |       |       |       |     7 ||     7
         Iskenderun's Myst |       |       |       |     8 ||     8
 Invoke: Channel Magic     |       |       |       |     4 ||     4
  Evoke: Wand              |       |     1 |       |     3 ||     4
    Use: Potion            |     1 |       |       |     5 ||     6
         Scroll            |       |     5 |     3 |    16 ||    24
   Stab: Sleeping          |     2 |     2 |     2 |       ||     6
 Armour: Skin              |    25 |     9 |    43 |    62 ||   139
  Dodge: Dodged            |    57 |     9 |    30 |    34 ||   130
  Block: Other             |       |       |     5 |    15 ||    20
         Buckler           |       |       |       |     2 ||     2

Table legend: (Time is in decaauts)
 A = Elapsed time spent in this place.
 B = Non-inter-level travel time spent in this place.
 C = Inter-level travel time spent in this place.
 D = Time resting spent in this place.
 E = Time spent auto-exploring this place.
 F = Levels seen in this place.
 G = Mean time per level.
                   A        B        C        D        E       F      G
               +--------+--------+--------+--------+--------+-----+--------+
         Total |  16162 |  15262 |    900 |   1053 |  11022 |  15 | 1077.5 |
       Dungeon |  12341 |  11570 |    771 |    636 |   8551 |  11 | 1121.9 |
        Temple |     68 |      1 |     67 |      0 |      0 |   1 |   68.0 |
          Lair |   3752 |   3690 |     62 |    417 |   2471 |   3 | 1250.7 |
               +--------+--------+--------+--------+--------+-----+--------+

Top non-repeatable levels by time:
  Lair:2: 2184 daAuts
     D:6: 1625 daAuts
     D:8: 1520 daAuts
    D:10: 1391 daAuts
  Lair:1: 1348 daAuts
     D:9: 1335 daAuts
     D:7: 1316 daAuts
     D:5: 1251 daAuts
     D:1: 1201 daAuts
     D:4: 1022 daAuts
     D:3: 881 daAuts
     D:2: 791 daAuts
  Lair:3: 220 daAuts
  Temple: 68 daAuts
    D:11: 4 daAuts
